 Dungeon Crawl Stone Soup version 0.18-a0-1804-g0930707 (webtiles) character file.

37 Gottschkopf the Ruffian (level 3, -6/31 HPs)
             Began as a Naga Transmuter on Apr 25, 2016.
             Mangled by Sigmund
             ... wielding a +0 scythe
              (14 damage)
             ... on level 2 of the Dungeon.
             The game lasted 00:04:23 (1419 turns).

Gottschkopf the Ruffian (Naga Transmuter)           Turns: 1419, Time: 00:04:24

Health: -6/31      AC:  3    Str: 10 (13) XL:     3   Next: 41%
Magic:  1/6        EV:  9    Int: 12 (13) God:
Gold:   42         SH:  0    Dex:  9 (11) Spells: 3 memorised, 0 levels left

rFire  . . .     SeeInvis +       - Unarmed
rCold  . . .     Gourm    .     b - +1 robe
rNeg   . . .     Faith    .     (no shield)
rPois  +         Spirit   .     (no helmet)
rElec  .         Dismiss  .     (no cloak)
rCorr  .         Reflect  .     (no gloves)
SustAt .         Harm     .     (no barding)
MR     .....                    (no amulet)
Stlth  +.........               (no ring)
                                (no ring)

@: very slow, not resistant to hostile enchantments, very unstealthy
A: see invisible, deformed body, poison resistance, slowness 2, slow metabolism
1, spit poison 2, AC +1
a: Spit Poison


You were on level 2 of the Dungeon.
You were hungry.

You visited 1 branch of the dungeon, and saw 2 of its levels.

You collected 42 gold pieces.

Inventory:

Missiles
 a - 9 arrows
Armour
 b - a +1 robe (worn)
Books
 c - a book of Changes

   Spells                             Type                      Level
   a - Beastly Appendage              Transmutation                1
   b - Sticks to Snakes               Transmutation                2
   c - Spider Form                    Transmutation/Poison         3
   d - Ice Form                       Ice/Transmutation            4
   e - Blade Hands                    Transmutation                5
Comestibles
 d - a bread ration
 f - 4 fruits


   Skills:
 - Level 1.0 Fighting
 - Level 1.5 Dodging
 - Level 4.1 Unarmed Combat
 - Level 2.0 Spellcasting
 - Level 2.0 Transmutations
 * Level 1.5 Poison Magic


You couldn't memorise any spells.
You knew the following spells:

 Your Spells              Type           Power        Failure   Level  Hunger
a - Beastly Appendage     Trmt           #.....       12%         1    ##.....
b - Sticks to Snakes      Trmt           #.......     17%         2    ###....
c - Spider Form           Trmt/Pois      #.........   43%         3    ####...


Dungeon Overview and Level Annotations

Branches:
Dungeon (2/15)

Altars:

Annotations:
D:2 Sigmund


Innate Abilities, Weirdness & Mutations

You cannot wear boots.
Your serpentine skin is tough (AC +1).
You have supernaturally acute eyesight.
Armour fits poorly on your strangely shaped body.
Your system is resistant to poisons.
You cover ground very slowly.
You have a slow metabolism.
You can spit poison.


Message History

What do you say? t - Shout!
Orders for allies: a - Attack new target. p - Attack previous target. r - Retreat! s - Stop attacking. w - Wait here. f - Follow me.
Anything else - Stay silent.
Gang up on whom?
Press: ? - help, Dir - move target cursor, f/p - Sigmund
Aim: Sigmund, wielding a scythe and wearing a glowing robe (moderately wounded, slightly transparent) Attack!
You hear a shout! x2
Sigmund misses you.
You aren't carrying any potions.
Read which item? (? for menu, Esc to quit)
As you read the scroll labeled WUCUFACVIO, it crumbles to dust.
It is a scroll of enchant weapon.
You aren't carrying any weapons that can be enchanted.
A hobgoblin comes into view. It is wielding a club.
Sigmund hits you from afar with a scythe!
You die...

..# .. ##... ####g.
.... ..... ..
####..##.... ...
###.........#
...##.....#.....#
#.......##.....####
###......##.[....>..
........@##@.......#
##.....#SSS....#..
#......@.(...#.#
#.?.#$...##....# ..
. #....##....# ##
#.....##....#
...#...#######
..###...# ..# #####


You could see Sigmund (invisible), a hobgoblin and 3 friendly ball pythons.

Vanquished Creatures
  An adder (D:2)
  A giant gecko (D:1)
  A giant cockroach (D:1)
  3 goblins (D:1)
  3 hobgoblins (D:1)
  3 jackals (D:1)
  5 kobolds
  A ball python (D:1)
  4 bats (D:1)
  4 rats (D:1)
26 creatures vanquished.

Notes
Turn   | Place    | Note
--------------------------------------------------------------
     0 | D:1      | Gottschkopf the Naga Transmuter began the quest for the Orb.
     0 | D:1      | Reached XP level 1. HP: 18/18 MP: 3/3
   216 | D:1      | Reached XP level 2. HP: 9/25 MP: 3/5
   596 | D:1      | Reached skill level 4 in Unarmed Combat
   600 | D:1      | Learned a level 2 spell: Sticks to Snakes
   927 | D:1      | Reached XP level 3. HP: 26/31 MP: 4/6
   932 | D:1      | Learned a level 3 spell: Spider Form
  1135 | D:2      | Reached skill level 1 in Poison Magic
  1404 | D:2      | Noticed Sigmund
  1419 | D:2      | Mangled by Sigmund

Vault maps used:
D:1:      dpeg_arrival_water_fire
D:2:      nicolae_overflow_crystal_walls, kennysheep_generic_room_11,
          uniq_sigmund

Skill      XL: |  1  2  3 |
---------------+----------+-----
Unarmed Combat | 4 |  4.1
Poison Magic   | 1 |  1.5
Fighting       | |  1.0
Dodging        | |  1.5
Spellcasting   | |  2.0
Transmutations | |  2.0

Action                   || total
-------------------------++-------
Melee: Unarmed           ||    84
       Headbutt          ||     9
       Punch             ||     2
 Cast: Beastly Appendage ||    16
       Sticks to Snakes  ||     3
 Abil: Spit Poison       ||     2
  Use: Scroll            ||     2
       Potion            ||     2
  Eat: Chunk             ||     1
Armor: Robe              ||    28
Dodge: Dodged            ||    60
